 Dungeon Crawl Stone Soup version 0.23-a0-169-gb21e695 (console) character file.

89 nht the Skirmisher (level 4, -2/48 HPs)
             Began as an Ogre Fighter on Sept 11, 2018.
             Slain by a gnoll
             ... wielding a +0 spear
              (10 damage)
             ... on level 2 of the Dungeon.
             The game lasted 00:02:58 (1262 turns).

nht the Skirmisher (Ogre Fighter)                   Turns: 1262, Time: 00:02:59

Health: -2/48      AC:  3    Str: 20    XL:     4   Next: 55%
Magic:  4/4        EV:  8    Int: 10    God:
Gold:   80         SH:  8    Dex:  8    Spells: 3/3 levels left

rFire    . . .     SeeInvis .     - Unarmed
rCold    . . .     Gourm    .   b - +0 shield
rNeg     . . .     Faith    .   a - +0 robe
rPois    .         Spirit   .   (helmet restricted)
rElec    .         Reflect  .   (no cloak)
rCorr    .         Harm     .   (gloves unavailable)
MR       .....                  (boots unavailable)
Stlth    +.........             (no amulet)
HPRegen  0.16/turn              (no ring)
MPRegen  0.09/turn              (no ring)

@: very slightly contaminated
A: large, unfitting armour, tough skin 1
a: no special abilities


You were on level 2 of the Dungeon.
You were hungry.

You visited 1 branch of the dungeon, and saw 2 of its levels.

You collected 80 gold pieces.

Inventory:

Armour
 a - a +0 robe (worn)
 b - a +0 shield (worn)
Scrolls
 f - a scroll of identify
 g - 2 scrolls of enchant armour
Comestibles
 d - 3 rations


   Skills:
 + Level 4.3 Fighting
 - Level 2.6 Dodging
 - Level 2.6 Shields
 * Level 4.0 Unarmed Combat


You had 3 spell levels left.
You didn't know any spells.
Your spell library was empty.

Dungeon Overview and Level Annotations

Branches:
Dungeon (2/15)

Altars:
Gozag

Annotations:
D:2 Natasha


Innate Abilities, Weirdness & Mutations

You are too large for most types of armour.
You have tough skin. (AC +1)


Message History

The gnoll is heavily wounded.
You block the gnoll's attack.
The dart slug bites the plant but does no damage.
You barely miss the gnoll.
The gnoll is heavily wounded.
The gnoll closely misses you.
The dart slug bites the plant but does no damage.
You are feeling hungry.
You hit the gnoll but do no damage.
The gnoll is heavily wounded.
The gnoll hits you with a spear.
* * * LOW HITPOINT WARNING * * *
You hit the gnoll.
The gnoll is almost dead.
The gnoll closely misses you.
The dart slug bites the plant but does no damage.
Your shield prevents you from hitting the gnoll.
The gnoll is almost dead.
The gnoll hits you with a spear!
You die...

>,,,,,,,,,,,,,,,,,,,,,,,,,,,,,,,,
,,,,,,,,,,********,,,,,,,,,,****,
,,,,,,,,,,* ***██.██████████
*********** █............
*.█████.██.██ ***** **** ███
*.██*█§..█,.█ **,,,*
█..████♣.♣██♣§P♣♣.§♣.....
**,,,,***♣.P.P..♣♣♣PP.♣§♣§♣P.♣♣P♣
,,**,,*,♣PP..♣P♣@...♣*♣♣§♣*♣♣)*,♣
*,***,,,♣♣♣♣,♣♣♣g♣♣.♣,♣.§♣♣♣P♣♣**
*,,,*,,,**,,,,♣wP..♣..♣..♣.♣.♣♣♣
,,,,*,,,,*,*..P..♣Pr♣♣♣P.♣.P.♣P♣
*,,,**,,,,,,♣.♣...8..P♣5..♣.♣P♣♣♣
*,*,,*,,*,,,█...█.....†P†.♣..♣♣.♣
,,,,,,*,,,,,............♣P.♣P.♣.P
,**,,,*,,,*..._...█...♣.PPP♣.♣♣.♣
,****,,*,,,,,,,.....P..♣.P♣♣♣.♣PP


You could see a gnoll and a dart slug.

Vanquished Creatures
  Natasha (D:2)
  2 gnolls (D:1)
  A dart slug (D:1)
  A leopard gecko (D:1)
  6 bats
  3 giant cockroaches (D:1)
  2 hobgoblins (D:1)
  7 jackals (D:1)
  3 kobolds
  3 quokkas (D:2)
  A frilled lizard (D:1)
  5 goblins
  4 rats
  A plant (D:2)
40 creatures vanquished.

Notes
Turn   | Place    | Note
-------+----------+-------------------------------------------
     0 | D:1      | nht the Ogre Fighter began the quest for the Orb.
     0 | D:1      | Reached XP level 1. HP: 24/24 MP: 1/1
    53 | D:1      | Reached XP level 2. HP: 21/32 MP: 2/2
   200 | D:1      | Reached XP level 3. HP: 11/39 MP: 3/3
   894 | D:2      | Noticed Natasha
   905 | D:2      | Killed Natasha
   905 | D:2      | Reached XP level 4. HP: 4/48 MP: 4/4
   905 | D:2      | HP: 2/48 [kobold (2)]
  1222 | D:2      | Noticed Natasha
  1245 | D:2      | Found an opulent altar of Gozag.
  1262 | D:2      | Slain by a gnoll

Vault maps used:
D:1:      onia_arrival_mini_spirals
D:2:      wad_woods_stonehenge, uniq_terence, uniq_natasha, uniq_robin

Skill      XL: |  1  2  3 |
---------------+----------+-----
Unarmed Combat | 2 3 4 |  4.0
Fighting       | |  4.3
Dodging        | |  2.6
Shields        | |  2.6

Action                   |  1- 3 |  4- 6 || total
-------------------------+-------+-------++-------
Melee: Unarmed           |   158 |    48 ||   206
  Use: Potion            |     2 |       ||     2
       Scroll            |       |     5 ||     5
  Eat: Chunk             |       |     1 ||     1
Armor: Robe              |    36 |     1 ||    37
Dodge: Dodged            |    46 |    15 ||    61
Block: Shield            |    70 |    19 ||    89

Table legend:
 A = Non-vault XP
 B = Vault XP
 C = Vault XP percentage of total XP
 D = Non-vault monster count
 E = Vault monster count
 F = Vault count percentage of total count
                 A         B        C        D         E       F
            +---------+---------+-------+---------+---------+-------
      Total |      86 |      42 |  32.8 |      34 |       5 |  12.8
            +---------+---------+-------+---------+---------+-------
        D:1 |      80 |       0 |   0.0 |      30 |       0 |   0.0
        D:2 |       6 |      42 |  87.5 |       4 |       5 |  55.6
            +---------+---------+-------+---------+---------+-------
